 Dungeon Crawl Stone Soup version 0.30-b1-2-g02819fbbbe (webtiles) character file.

Game seed: 5568333028747520049

681 Metae the Shield-Bearer (level 7, -14/61 HPs)
             Began as a Minotaur Fighter on June 27, 2023.
             Was a Follower of Uskayaw.
             Demolished by a gnoll
             ... wielding a +3 halberd of chaos
              (19 damage)
             ... on level 3 of the Dungeon.
             The game lasted 00:09:21 (4396 turns).

Metae the Shield-Bearer (Minotaur Fighter)          Turns: 4396, Time: 00:09:22

Health: -14/61     AC: 11    Str: 22    XL:     7   Next: 34%
Magic:  7/7        EV:  9    Int:  5    God:    Uskayaw [*.....]
Gold:   215        SH:  5    Dex: 10    Spells: 6/6 levels left

rFire   . . .        m - +2 dagger (vamp)
rCold   . . .        c - +0 buckler
rNeg    . . .        x - +0 chain mail
rPois   .            (helmet restricted)
rElec   .            (no cloak)
rCorr   .            k - +0 pair of gloves
SInv    .            (no boots)
Will    .....        (no amulet) Stlth
                     (no ring)
HPRegen 0.30/turn    (no ring)
MPRegen 0.10/turn

%: no passive effects
@: no status effects
A: horns 2, retaliatory headbutt
a: Renounce Religion, Stomp


You were on level 3 of the Dungeon.
You worshipped Uskayaw.
Uskayaw was noncommittal.
You visited 2 branches of the dungeon, and saw 6 of its levels.

You collected 381 gold pieces.
You spent 166 gold pieces at shops.

Inventory:

Hand Weapons
 m - a +2 vampiric dagger (weapon)
Missiles
 a - 2 throwing nets
 i - 11 poisoned darts (quivered)
 j - 29 stones
Armour
 c - a +0 buckler (worn)
 k - a +0 pair of gloves (worn)
 x - a +0 chain mail (worn)
 A - a +0 plate armour
Jewellery
 B - a ring of fire
Wands
 b - a wand of flame (5)
 z - a wand of mindburst (13)
Scrolls
 f - 2 scrolls of butterflies {unknown}
 g - 8 scrolls of identify {unknown}
 n - 2 scrolls of silence {unknown}
 p - 3 scrolls of teleportation {unknown}
 q - 2 scrolls of enchant armour {unknown}
 v - 2 scrolls of fear {unknown}
 y - a scroll of blinking {unknown}
Potions
 d - 2 potions of might
 e - a potion of berserk rage {unknown}
 h - a potion of experience {unknown}
 l - 2 potions of mutation {unknown}
 o - a potion of curing
 r - a potion of magic {unknown}
 s - 2 potions of heal wounds
 t - 2 potions of degeneration {unknown}
 u - a potion of lignification {unknown}
 w - a potion of ambrosia {unknown}
 C - a potion of flight {unknown}


   Skills:
 + Level 5.5 Fighting
 + Level 4.3 Short Blades
 + Level 5.4 Armour
 + Level 3.4 Dodging
 + Level 5.6 Shields
 + Level 1.7 Invocations


You had 6 spell levels left.
You didn't know any spells.
Your spell library contained the following spells:

 Spells                   Type           Power      Damage    Failure   Level
 Freeze                   Ice            0%         1d3       98%         1
 Kiss of Death            Conj/Necr      0%         2d5       98%         1
 Slow                     Hex            0%         N/A       98%         1
 Summon Small Mammal      Summ           0%         N/A       98%         1
 Call Canine Familiar     Summ           0%         N/A       100%        3
 Confusing Touch          Hex            0%         N/A       100%        3
 Frozen Ramparts          Ice            0%         1d1       100%        3
 Hailstorm                Conj/Ice       0%         3d3       100%        3
 Summon Guardian Golem    Hex/Summ       0%         N/A       100%        3
 Vampiric Draining        Necr           0%         2d6       100%        3
 Summon Lightning Spire   Summ/Air       0%         N/A       100%        4
 Agony                    Necr           0%         N/A       100%        5
 Necromutation            Tmut/Necr      0%         N/A       100%        8


Dungeon Overview and Level Annotations

Branches:
Dungeon (5/15)             Temple (1/1) D:4

Altars:
Ashenzari
Dithmenos
Elyvilon
Fedhas
Gozag
Kikubaaqudgha
Makhleb
Okawaru
Qazlal
Sif Muna
Uskayaw
Vehumet
Wu Jian
Xom
Yredelemnul
Zin
The Shining One

Shops:
D:1 !   D:2 *   D:4 *   D:5 *

Annotations:
D:3 1 transporter


Innate Abilities, Weirdness & Mutations

You have a pair of horns on your head.
You reflexively headbutt those who attack you in melee.


Message History

The gnoll shouts!
You block the gnoll's attack.
There is an open translucent door here.
You closely miss the gnoll. You headbutt the gnoll!
The gnoll is heavily wounded.
The gnoll hits you but does no damage.
You hit the gnoll.
You feel better.
You headbutt the gnoll.
You kill the gnoll!
B - a ring of fire;
C - a fizzy emerald potion You now have 215 gold pieces (gained 13).
You see here a +0 halberd.
There is an open translucent door here.
You see here a +2 halberd of venom.
You see here a +0 spear.
Things that are here:
a +0 spear; a wand of flame (6); a gnoll corpse You see here a +0 spear.
The gnoll shouts!
The gnoll hits you from afar with a +3 halberd of chaos.
The gnoll burns you.
* * * LOW HITPOINT WARNING * * *
Things that are here:
a +0 spear; a wand of flame (6); a gnoll corpse You block the gnoll's attack.
There is an open translucent door, spattered with blood here.
Things that are here:
a +0 club; 9 gold pieces You barely miss the gnoll.
The gnoll barely misses you.
You hit the gnoll.
You feel better.
You headbutt the gnoll!
The gnoll is severely wounded.
The gnoll hits you with a +3 halberd of chaos.
* * * LOW HITPOINT WARNING * * *
You are electrocuted!
* * * LOW HITPOINT WARNING * * *
You hit the gnoll.
The gnoll is severely wounded.
You barely miss the gnoll.
The gnoll is severely wounded.
The gnoll hits you but does no damage.
You are electrocuted!!
You die...

.#########>...)###...........###.
.##...[)[.....................##.
..#.≈≈≈≈≈≈≈≈≈≈≈...≈≈≈≈≈≈≈≈≈≈≈.##.
#...≈≈≈≈≈≈≈≈≈≈≈...≈≈≈≈≈≈≈≈≈≈≈.##.
#...≈≈#####...........#####≈≈.##.
#.#.≈≈#.#g#.###.©.###.#.#.#≈≈.##.
#.#.≈≈#...###)#####.###...#≈≈.##.
#...≈≈###......g........###≈≈.##.
#.#.≈≈.8#.######@###'##.#8.≈≈.##.
#.#.≈≈.##.#.. #8.)#..P#.##.≈≈.##.
#.#.~~.#..'$ #⌠©).)..'..#.~~.##.
#...≈≈.## #.. #8.)#...#.##.≈≈.##.
#.#.≈≈.8#.######'###'##.#8.≈≈.#..
#.#.≈≈###....).)......(.###≈≈...#
#.#.≈≈#...###©#####.###...#≈≈..##
#...≈≈#.#.#.###.©.###.#.#.#≈≈..#
###.≈≈#####...........#####≈≈..#


You could see a gnoll.

Vanquished Creatures
  An ice beast (D:5)
  The ghost of Vorhees the Skirmisher, an amateur GnHu (D:3)
  A bullfrog (D:4)
  2 jellies
  An orc priest (D:5)
  An orc wizard (D:5)
  Terence (D:3)
  Natasha (twice) (D:3)
  10 gnolls
  2 adders
  A shadow imp (D:5)
  A white imp (D:5)
  2 dart slugs
  21 orcs
  8 ball pythons
  4 endoplasms
  6 giant cockroaches
  9 goblins
  5 hobgoblins
  8 kobolds
  3 quokkas
  3 bats
  9 frilled lizards
  8 rats
110 creatures vanquished.

Vanquished Creatures (others)
  9 plants
9 creatures vanquished.

Grand Total: 119 creatures vanquished

Notes
Turn   | Place    | Note
-------+----------+-------------------------------------------
     0 | D:1      | Metae the Minotaur Fighter began the quest for the Orb.
     0 | D:1      | Reached XP level 1. HP: 19/19 MP: 0/0
   229 | D:1      | Reached XP level 2. HP: 24/27 MP: 1/1
   436 | D:1      | Reached skill level 1 in Dodging
   478 | D:1      | Found Inwiash's Distillery.
   491 | D:1      | Reached XP level 3. HP: 33/33 MP: 2/2
   494 | D:1      | Bought a potion of curing for 36 gold pieces
   900 | D:2      | Found a radiant altar of Vehumet.
  1106 | D:2      | Found Liqe's Assorted Antiques.
  1114 | D:2      | Bought a yellow potion for 25 gold pieces
  1114 | D:2      | Bought a bubbling yellow potion for 25 gold pieces
  1114 | D:2      | Bought a gluggy blue potion for 25 gold pieces
  1595 | D:3      | Reached XP level 4. HP: 37/40 MP: 3/3
  1678 | D:3      | Noticed Terence
  1685 | D:3      | Killed Terence
  1689 | D:3      | Found an ancient bone altar of Kikubaaqudgha.
  1772 | D:3      | Noticed Natasha
  1780 | D:3      | Killed Natasha
  1819 | D:3      | Found a transporter.
  1844 | D:3      | Reached XP level 5. HP: 43/47 MP: 4/4
  1870 | D:3      | Found a stormy altar of Qazlal.
  1893 | D:3      | Noticed Vorhees's ghost (amateur GnHu)
  2002 | D:3      | Found a transporter.
  2084 | D:3      | Noticed Natasha
  2090 | D:3      | Killed Natasha
  2176 | D:4      | Found Gyviul's General Store.
  2196 | D:4      | Bought a potion of heal wounds for 55 gold pieces
  2563 | D:4      | Found a staircase to the Ecumenical Temple.
  2626 | D:4      | Got the Catalogue of Windy Open Graves
  2638 | Temple   | Entered the Ecumenical Temple
  2899 | D:4      | Found a shadowy altar of Dithmenos.
  2900 | D:4      | Found a hide-covered altar of Uskayaw.
  2900 | D:4      | Found a burning altar of Makhleb.
  2902 | D:4      | Found a shimmering altar of Xom.
  2907 | D:4      | Reached XP level 6. HP: 50/55 MP: 5/5
  2911 | D:4      | Became a worshipper of Uskayaw the Reveller
  3149 | D:5      | Entered Level 5 of the Dungeon
  3160 | D:5      | Reached * piety under Uskayaw
  3162 | D:5      | Reached skill level 5 in Shields
  3166 | D:5      | Reached ** piety under Uskayaw
  3265 | D:5      | Reached skill level 5 in Fighting
  3268 | D:5      | Noticed an ice beast
  3278 | D:5      | Reached *** piety under Uskayaw
  3281 | D:5      | Reached **** piety under Uskayaw
  3288 | D:5      | Reached ***** piety under Uskayaw
  3290 | D:5      | Killed an ice beast
  3291 | D:5      | Reached skill level 5 in Armour
  3291 | D:5      | Reached skill level 1 in Invocations
  3670 | D:5      | Reached XP level 7. HP: 38/61 MP: 6/6
  3965 | D:5      | Found Othuttuu's CLEARANCE SALE!.
  4293 | D:3      | Killed Vorhees's ghost
  4304 | D:3      | HP: 3/61 [gnoll/+0 spear (2)]
  4396 | D:3      | Demolished by a gnoll

Illustrated notes

Levels and vault maps discovered:
D:1:      tarquinn_simple_flora_water_a, layout_basic, serial_shops,
          nicolae_shop_advertising_works [nicolae_subvault_shop_adworks],
          minmay_pentomino_p4
D:2:      layout_loops_ring, basic_altar, serial_shops, shop, minmay_lizard_king
D:3:      layout_basic, nicolae_qazlal_eye_of_the_storm,
          mainiacjoe_overflow_boulevard, gammafunk_ghost_gnarly_gnolls,
          uniq_terence, uniq_natasha
D:4:      layout_loops_ring, grunt_temple_overflow_open, temple_fountains,
          serial_shops, kennysheep_mini, solitary_fountain, kennysheep_boxes
D:5:      layout_basic, nicolae_shop_clearance
Temple:   minmay_temple_curvy_loop

Skill      XL: |  1  2  3  4  5  6 |
---------------+-------------------+-----
Dodging        | 1 2 3 |  3.4
Fighting       | 4 5 |  5.5
Shields        | 4 5 |  5.6
Armour         | 4 5 |  5.4
Short Blades   | 3 4 |  4.3
Invocations    | 1 |  1.7

Action                     |  1- 3 |  4- 6 |  7- 9 || total
---------------------------+-------+-------+-------++-------
  Melee: Rapier            |    27 |       |       ||    27
         Headbutt          |    20 |    40 |    14 ||    74
         Dagger            |   101 |   160 |    52 ||   313
    Use: Potion            |       |       |     3 ||     3
   Stab: Paralysed         |       |     2 |     2 ||     4
 Armour: Scale mail        |    64 |    12 |       ||    76
         Chain mail        |       |    33 |    24 ||    57
  Dodge: Dodged            |    51 |    64 |    27 ||   142
  Block: Buckler           |    25 |    34 |    20 ||    79
